 Dungeon Crawl Stone Soup version 0.32-a0-898-g7811c86cf0 (webtiles) character file.

Game seed: 4319506196523947503

48115 Biggs the Marksgoblin (level 14, -8/113 HPs)
             Began as a Coglin Hunter on Apr 5, 2024.
             Was the Champion of Okawaru.
             Mangled by a snapping turtle (21 damage)
             ... on level 2 of the Shoals.
             The game lasted 00:38:46 (20112 turns).

Biggs the Marksgoblin (Coglin Hunter)              Turns: 20112, Time: 00:38:47

Health: -8/113     AC: 11    Str: 13    XL:     14   Next: 44%
Magic:  14/14      EV: 19    Int:  8    God:    Okawaru [******]
Gold:   920        SH:  0    Dex: 24    Spells: 13/13 levels left

rFire   + . .        l - +5 hand cannon (flame) {Kaya}
rCold   . . .        a - +4 sling {Matia}
rNeg    . . .        I - +0 troll leather armour
rPois   .            C - +0 helmet "Utar" {rF+ Dex+3 Stlth+}
rElec   +            D - +2 cloak
rCorr   .            q - +1 pair of gloves
SInv    .            i - +1 pair of boots of the Old World {Will++ Str-3}
Will    +++..        (amulet unavailable)
Stlth   +++          (ring unavailable)
HPRegen 1.18/turn    (ring unavailable)
MPRegen 0.14/turn    F - megaadeledicnander transmogrifier {Rampage Acrobat rElec Slay+3}

%: acrobat, clarity, rampage
@: revved
A: off-hand wielding, slow wielding, warmup strikes, no jewellery, clarity,
strong 1, subdued magic 1
a: Renounce Religion, Heroism, Finesse, Duel


You were on level 2 of the Shoals.
You worshipped Okawaru.
Okawaru was exalted by your worship.
You visited 5 branches of the dungeon, and saw 18 of its levels.
You also visited: Ossuary.

You collected 1601 gold pieces.
You spent 681 gold pieces at shops.

Inventory:

Hand Weapons
 a - a +4 sling (offhand) {Matia}
 d - a +0 sling {Francisca}
 l - a +5 hand cannon of flaming (weapon) {Kaya}
Missiles
 E - 2 throwing nets
Armour
 i - the +1 pair of boots of the Old World (worn) {Will++ Str-3}
   (You bought it in a shop on level 2 of the Dungeon)

   Str-3:     It affects your strength (-3).
   Will++:    It greatly increases your willpower.
 j - a +2 helmet
 q - a +1 pair of gloves (worn)
 x - +0 acid dragon scales
 C - the +0 helmet "Utar" (worn) {rF+ Dex+3 Stlth+}
   (Okawaru gifted it to you on level 3 of the Lair of Beasts)

   Dex+3:     It affects your dexterity (+3).
   rF+:       It protects you from fire.
   Stlth+:    It makes you more stealthy.
 D - a +2 cloak (worn)
 I - a +0 troll leather armour (worn)
Gizmo
 F - a megaadeledicnander transmogrifier (installed) {Rampage Acrobat rElec Slay+3}
   (You invented it yourself on level 2 of the Lair of Beasts)

   [megaadeledicnander transmogrifier]

   Slay+3:    It affects your accuracy & damage with ranged weapons and melee
   (+3).
   rElec:     It insulates you from electricity.
   Rampage:   It bestows one free step when moving towards enemies.
   Acrobat:   It increases your evasion after moving or waiting.
Wands
 e - a wand of digging (6)
 h - a wand of mindburst (13)
 y - a wand of light (13)
 G - a wand of polymorph (8)
Scrolls
 k - a scroll of torment
 m - 4 scrolls of immolation
 n - 6 scrolls of teleportation
 o - a scroll of blinking
 s - a scroll of amnesia
 t - 3 scrolls of revelation
 w - 3 scrolls of vulnerability
 A - 2 scrolls of summoning
 H - a scroll of silence
 J - a scroll of identify
Potions
 b - 6 potions of curing
 c - 3 potions of might
 f - 5 potions of attraction
 g - 7 potions of enlightenment
 p - 3 potions of degeneration
 r - a potion of heal wounds
 u - 6 potions of lignification
 v - a potion of berserk rage
 z - 3 potions of brilliance
 B - 4 potions of haste {unknown}


   Skills:
 - Level 11.1 Fighting
 - Level 18.0 Ranged Weapons
 + Level 9.9 Dodging
 - Level 0.7 Stealth
 - Level 5.0 Evocations


You had 13 spell levels left.
You didn't know any spells.
Your spell library contained the following spells:

 Spells                   Type           Power      Damage    Failure   Level
 Magic Dart               Conj           0%         1d3       45%         1
 Shock                    Conj/Air       0%         1d3       45%         1
 Blink                    Tloc           0%         N/A       58%         2
 Ensorcelled Hibernation  Hex/Ice        0%         N/A       58%         2
 Static Discharge         Conj/Air       0%         3-3/arc   58%         2
 Fugue of the Fallen      Necr           0%         N/A       83%         3
 Maxwell's Portable Pile  Tloc           0%         2d(5-13)  83%         3
 Passwall                 Erth           0%         N/A       83%         3
 Swiftness                Air            0%         N/A       83%         3
 Airstrike                Air            0%         2d(0-16)  99%         4
 Anguish                  Hex/Necr       0%         N/A       99%         4
 Brom's Barrelling Bould  Conj/Erth      0%         2d3       99%         4
 Arcjolt                  Conj/Air       0%         1d10      100%        5
 Fireball                 Conj/Fire      0%         3d3       100%        5
 Iskenderun's Battlesphe  Conj           0%         2d6       100%        5
 Conjure Ball Lightning   Conj/Air       0%         3x3d6     100%        6
 Orb of Destruction       Conj           0%         9d5       100%        7
 Maxwell's Capacitive Co  Air            0%         ∞         100%        8
 Summon Small Mammal      Summ           Unusable   N/A       N/A         1
 Call Imp                 Summ           Unusable   N/A       N/A         2
 Call Canine Familiar     Summ           Unusable   N/A       N/A         3
 Summon Blazeheart Golem  Fire/Summ      Unusable   N/A       N/A         4
 Summon Lightning Spire   Summ/Air       Unusable   N/A       N/A         4

Dungeon Overview and Level Annotations

Branches:
Dungeon (10/15)            Temple (1/1) D:6            Lair (3/5) D:8
 Shoals (2/4) Lair:2        Snake (0/4) Lair:3          Orc (2/2) D:9
    Elf (0/3) Orc:2       Ossuary (visited)

Altars:
Ashenzari
Cheibriados
Dithmenos
Elyvilon
Fedhas
Hepliaklqana
Kikubaaqudgha
Makhleb
Nemelex Xobeh
Okawaru
Qazlal
Ru
Sif Muna
Trog
Uskayaw
Vehumet
Wu Jian
Xom
Yredelemnul
Zin
The Shining One
Beogh

Shops:
D:2 [   Orc:2 [(*=

Annotations:
D:3 3 runed translucent doors, porpoise's ghost, amateur HuHu


Innate Abilities, Weirdness & Mutations

You can wield a second weapon in your off-hand.
It takes a long time for you to wield or remove held weapons.
Your first few attacks do less damage.
You cannot equip rings or amulets.
You possess an exceptional clarity of mind.
Your muscles are strong. (Str +4, Int/Dex -1)
Your spells are a little easier to cast, but a little less powerful.


Message History

You shoot a slug. The slug hits the harpy.
The slug burns the harpy.
The harpy is almost dead.
The harpy misses you. The harpy completely misses you. The harpy misses you.
The harpy claws you but does no damage. The harpy closely misses you.
The harpy barely misses you. The harpy claws you!
The harpy completely misses you. The harpy closely misses you. x2
The snapping turtle completely misses you.
The wind drake bites you but does no damage.
The harpy barely misses you. The harpy claws you.
You are too injured to fight recklessly!
You are too injured to fight recklessly!
Unknown command.
You are too injured to fight recklessly!
Unknown command.
You are too injured to fight recklessly!
You are too injured to fight recklessly!
Unknown command.
You shoot a sling bullet. The sling bullet is repelled.
You shoot a slug. The slug is repelled.
The harpy claws you! x2; The harpy barely misses you.
The harpy misses you. The harpy closely misses you.
The harpy barely misses you. The wind drake barely misses you.
The snapping turtle bites you but does no damage.
The harpy claws you but does no damage. The harpy claws you.
Unknown command.
You shoot a sling bullet.
The sling bullet completely misses the wind drake.
You shoot a slug.
The slug completely misses the wind drake.
The harpy completely misses you. The harpy claws you but does no damage.
The harpy claws you!
* * * LOW HITPOINT WARNING * * *
The harpy barely misses you.
The wind drake bites you but does no damage.
The harpy barely misses you. The harpy claws you but does no damage.
The harpy claws you!
* * * LOW HITPOINT WARNING * * *
The harpy barely misses you. x2; The harpy claws you.
* * * LOW HITPOINT WARNING * * *
The snapping turtle bites you from afar!!
You die...

≈≈≈≈≈≈≈~~ ..
≈≈≈~~~~~~ ..~
≈≈~~~~~~. .~~.
≈≈~~~~~.# #.~~~
≈≈≈~~~~.##...~~
≈≈≈~~~~......~~
≈≈~~~~~kH.....~
≈≈~~~tH@H~..~~~
≈≈≈~~~~H○~~~~~~
≈≈≈≈~~~~~~~~~~~
≈≈≈≈≈≈~~~~~~~~~
≈≈≈≈≈≈≈~~~~≈≈≈≈
≈≈≈≈≈≈≈≈≈≈≈≈≈≈≈
≈≈≈≈≈≈≈≈≈≈≈≈≈≈≈
≈≈≈≈≈≈≈≈≈≈≈≈≈≈≈


You could see a snapping turtle, a wind drake (repels missiles) and 4 harpies.

Vanquished Creatures
  Aizul (Shoals:1)
  Donald (Shoals:1)
  An orc warlord (Orc:2)
  Josephine (D:10)
  2 merfolk javelineers (Shoals:1)
  Harold (D:9)
  A hydra (Lair:2)
  A centaur warrior (Shoals:1)
  2 two-headed ogres (D:9)
  A merfolk avatar (Shoals:1)
  12 death yaks
  An orc high priest (Orc:2)
  A skyshark (Shoals:1)
  2 sea snakes (Shoals:1)
  Nergalle (Orc:1)
  An obsidian bat (Orc:1)
  3 orc knights (Orc:2)
  2 fauns (Shoals:1)
  4 orc sorcerers (Orc:2)
  4 manticores (Shoals:1)
  2 kobold blastminers (Orc:2)
  2 merfolk sirens (Shoals:1)
  7 cane toads
  A gargoyle (D:10)
  2 unseen horror zombies (D:10)
  Maggie (D:7)
  Jeremiah (D:6)
  2 komodo dragons
  3 rime drakes
  4 trolls
  Grinder (D:3)
  9 blink frogs
  2 spriggans (Lair:2)
  Sigmund (D:6)
  A shadow (D:10)
  3 wyverns
  A water elemental (Shoals:1)
  A basilisk (Lair:2)
  7 wraiths
  20 yaks
  5 wargs
  Menkaure (D:6)
  A steam dragon (D:10)
  6 nagas (Lair:3)
  6 water moccasins
  Duvessa (D:4)
  22 orc warriors
  2 sky beasts
  6 ogres
  2 black bears
  9 wolves
  4 centaurs
  A kobold brigand (D:9)
  2 weeping skulls (D:10)
  2 elf zombies (Ossuary)
  Blork the orc (Orc:2)
  5 bullfrogs
  2 scorpions
  4 wights (D:10)
  Dowan (D:4)
  5 killer bees
  5 electric eels (D:8)
  3 howler monkeys (D:7)
  5 centaur zombies
  A jelly (D:5)
  2 bombardier beetles
  4 hounds
  25 orc priests
  5 human zombies
  Jessica (D:2)
  Natasha (D:2)
  A gnoll bouda (D:8)
  A sleepcap (D:4)
  3 iguanas
  29 orc wizards
  6 hound zombies (Ossuary)
  3 mummies
  9 gnolls
  5 adders
  2 shadow imps
  A white imp (D:5)
  2 ufetubi (D:6)
  5 adder zombies (Ossuary)
  4 ribbon worms
  2 dart slugs
  77 orcs
  6 endoplasms
  4 giant cockroaches
  5 gnoll zombies (Ossuary)
  8 goblins
  10 hobgoblins
  11 jackals
  2 quokkas
  6 ball pythons
  4 bats
  2 frilled lizards (D:1)
  4 jackal zombies (Ossuary)
  8 kobolds
  4 kobold zombies (Ossuary)
  4 orc zombies (Ossuary)
  4 rats
486 creatures vanquished.

Notes
Turn   | Place    | Note
-------+----------+-------------------------------------------
     0 | D:1      | Biggs the Coglin Hunter began the quest for the Orb.
     0 | D:1      | Reached XP level 1. HP: 16/16 MP: 1/1
   149 | D:1      | Reached skill level 4 in Ranged Weapons
   149 | D:1      | Reached XP level 2. HP: 22/22 MP: 2/2
   288 | D:1      | Reached XP level 3. HP: 16/27 MP: 3/3
   762 | D:1      | Found a glowing golden altar of the Shining One.
   857 | D:2      | Found an ancient bone altar of Kikubaaqudgha.
  1142 | D:2      | Noticed Jessica
  1147 | D:2      | Killed Jessica
  1148 | D:2      | Reached skill level 5 in Ranged Weapons
  1148 | D:2      | Reached XP level 4. HP: 25/33 MP: 4/4
  1298 | D:2      | Noticed Natasha
  1302 | D:2      | Killed Natasha
  1344 | D:2      | Found Izyhihox's Armour Boutique.
  1676 | D:3      | Found a faded altar of an unknown god.
  1731 | D:3      | Reached XP level 5. HP: 38/38 MP: 5/5
  1953 | D:3      | You fall into a shaft and drop 1 floor!
  2029 | D:4      | Reached skill level 6 in Ranged Weapons
  2143 | D:4      | Found an ornate altar of the Wu Jian Council.
  2150 | D:4      | Noticed an ogre
  2205 | D:4      | Reached XP level 6. HP: 43/44 MP: 6/6
  2239 | D:4      | Found a sand-covered staircase.
  2257 | Ossuary  | Entered an ossuary
  2365 | Ossuary  | Reached skill level 7 in Ranged Weapons
  2431 | Ossuary  | Reached XP level 7. HP: 24/50 MP: 7/7
  2598 | Ossuary  | Reached skill level 8 in Ranged Weapons
  2903 | D:4      | Found a blossoming altar of Fedhas.
  2996 | D:3      | Noticed Grinder
  2997 | D:3      | Paralysed by Grinder for 2 turns
  3016 | D:3      | Killed Grinder
  3017 | D:3      | Reached skill level 9 in Ranged Weapons
  3017 | D:3      | Reached XP level 8. HP: 19/57 MP: 8/8
  3226 | D:5      | Entered Level 5 of the Dungeon
  3260 | D:5      | Identified the +9 spear of Uskayaw's Hatred {freeze, +Blink
                  | rN+ MP+9 Dex-3}
  3377 | D:4      | Noticed Duvessa
  3378 | D:4      | Noticed Dowan
  3385 | D:4      | Killed Duvessa
  3386 | D:4      | Reached skill level 5 in Fighting
  3391 | D:4      | Killed Dowan
  3540 | D:4      | Found a radiant altar of Vehumet.
  4358 | D:5      | Found a glowing silver altar of Zin.
  4471 | D:5      | Reached XP level 9. HP: 63/72 MP: 9/9
  4550 | D:5      | Gained mutation: Your spells are a little easier to cast,
                  | but a little less powerful. [potion of mutation]
  4550 | D:5      | Gained mutation: Your muscles are strong. (Str +4, Int/Dex
                  | -1) [potion of mutation]
  4550 | D:5      | Gained mutation: You possess an exceptional clarity of
                  | mind. [potion of mutation]
  4552 | D:5      | HP: 3/108 [something (3)]
  5537 | D:6      | Found a staircase to the Ecumenical Temple.
  5561 | Temple   | Entered the Ecumenical Temple
  5566 | Temple   | Became a worshipper of Warmaster Okawaru
  5824 | D:6      | Noticed Sigmund
  5833 | D:6      | Killed Sigmund
  5882 | D:6      | Noticed Menkaure
  5889 | D:6      | Killed Menkaure
  5893 | D:6      | Reached * piety under Okawaru
  5900 | D:6      | Identified the +2 robe of Beshriowil {rN+ Str+5}
  5978 | D:6      | Noticed Jeremiah
  5996 | D:6      | Killed Jeremiah
  5997 | D:6      | Reached skill level 10 in Fighting
  6075 | D:6      | Identified the +1 robe "Qunu" {Fly Slay-4 Stlth+}
  6497 | D:2      | Bought the +1 pair of boots of the Old World {Will++ Str-3}
                  | for 338 gold pieces
  6811 | D:3      | Found a runed translucent gate.
  6812 | D:3      | Found a runed translucent gate.
  6812 | D:3      | Noticed porpoise's ghost (amateur HuHu)
  6813 | D:3      | Found a runed translucent gate.
  6814 | D:3      | Identified the +4 hand axe "Wuevemiq" {venom, Dex+4}
  6814 | D:3      | Identified the +9 chain mail of Happiness {-Cast Str+9
                  | Stlth-}
  6824 | D:3      | Found a roughly hewn altar of Beogh.
  7011 | D:7      | Noticed Maggie
  7028 | D:7      | Killed Maggie
  7028 | D:7      | Reached ** piety under Okawaru
  7029 | D:7      | Reached XP level 10. HP: 29/87 MP: 10/10
  7481 | D:8      | Found a sparkling altar of Nemelex Xobeh.
  7481 | D:8      | Found a white marble altar of Elyvilon.
  7736 | D:8      | Reached *** piety under Okawaru
  7737 | D:8      | Reached skill level 5 in Dodging
  8469 | D:8      | Found a staircase to the Lair.
  8506 | Lair:1   | Entered Level 1 of the Lair of Beasts
  8615 | Lair:1   | Noticed a cane toad
  8629 | Lair:1   | Killed a cane toad
  8949 | Lair:1   | Noticed a cane toad
  8958 | Lair:1   | Killed a cane toad
  8958 | Lair:1   | Reached **** piety under Okawaru
  8959 | Lair:1   | Reached skill level 5 in Evocations
  9198 | Lair:1   | Noticed a death yak
  9198 | Lair:1   | Noticed a death yak
  9199 | Lair:1   | Noticed a death yak
  9204 | Lair:1   | Noticed a death yak
  9208 | Lair:1   | Noticed a death yak
  9503 | Lair:1   | Noticed a cane toad
  9522 | Lair:1   | Killed a cane toad
  9646 | Lair:2   | Noticed a cane toad
  9660 | Lair:1   | Killed a cane toad
  9661 | Lair:1   | Reached XP level 11. HP: 16/93 MP: 11/11
  9919 | Lair:1   | Reached skill level 10 in Ranged Weapons
 10195 | Lair:2   | Reached ***** piety under Okawaru
 10556 | Lair:2   | Noticed a six-headed hydra
 10568 | Lair:2   | Killed a six-headed hydra
 10569 | Lair:2   | Reached skill level 11 in Ranged Weapons
 10661 | Lair:2   | Found a staircase to the Shoals.
 10676 | Lair:2   | Noticed a death yak
 10966 | Lair:2   | Received a gift from Okawaru
 10967 | Lair:2   | Reached skill level 12 in Ranged Weapons
 11475 | Lair:2   | Noticed a death yak
 11493 | Lair:2   | Killed a death yak
 11569 | Lair:2   | Noticed a death yak
 11571 | Lair:2   | Noticed a death yak
 11571 | Lair:2   | Noticed a death yak
 11584 | Lair:2   | Noticed a death yak
 11595 | Lair:1   | Killed a death yak
 11885 | Lair:1   | Killed a death yak
 11886 | Lair:1   | Reached skill level 13 in Ranged Weapons
 11886 | Lair:1   | Reached XP level 12. HP: 82/100 MP: 12/12
 12004 | Lair:1   | Noticed a death yak
 12310 | Lair:1   | Killed a death yak
 12310 | Lair:1   | Received a gift from Okawaru
 12508 | Lair:1   | Killed a death yak
 12807 | Lair:1   | Killed a death yak
 13007 | D:8      | Killed a death yak
 13227 | D:8      | Killed a death yak
 13228 | D:8      | Reached skill level 14 in Ranged Weapons
 13366 | D:8      | Killed a death yak
 13628 | Lair:1   | Killed a death yak
 14175 | Lair:1   | Killed a death yak
 14175 | Lair:1   | Received a gift from Okawaru
 14415 | Lair:2   | Killed a death yak
 15264 | Lair:3   | Reached ****** piety under Okawaru
 15498 | Lair:3   | Acquired the +0 helmet "Utar" {rF+ Dex+3 Stlth+}
 15498 | Lair:3   | Received a gift from Okawaru
 15511 | Lair:3   | Acquired a +4 hand cannon of flaming
 15511 | Lair:3   | Received a gift from Okawaru
 15674 | Lair:3   | Found a staircase to the Snake Pit.
 15926 | D:2      | Bought a +2 cloak for 231 gold pieces
 16151 | D:9      | Received a gift from Okawaru
 16166 | D:9      | Found a staircase to the Orcish Mines.
 16176 | D:9      | Noticed Harold
 16182 | D:9      | Killed Harold
 16183 | D:9      | Reached XP level 13. HP: 106/106 MP: 13/13
 16426 | D:9      | Found a broken altar of Ashenzari.
 16561 | D:9      | Identified the +8 mace of the Moon {flame, rN+}
 16797 | D:10     | Entered Level 10 of the Dungeon
 17055 | D:10     | Reached skill level 15 in Ranged Weapons
 17072 | D:10     | Noticed Josephine
 17081 | D:10     | Killed Josephine
 17085 | D:10     | Received a gift from Okawaru
 17551 | D:10     | Found a basalt altar of Yredelemnul.
 17623 | Orc:1    | Entered Level 1 of the Orcish Mines
 17643 | Orc:1    | Noticed Nergalle
 17656 | Orc:1    | Killed Nergalle
 17808 | Orc:1    | You fall into a shaft and drop 1 floor!
 17808 | Orc:2    | Entered Level 2 of the Orcish Mines
 17828 | Orc:2    | Reached skill level 16 in Ranged Weapons
 17860 | Orc:2    | Found a staircase to the Elven Halls.
 18004 | Orc:2    | Received a gift from Okawaru
 18302 | Orc:2    | Noticed Blork the orc
 18305 | Orc:2    | Noticed an orc warlord
 18332 | Orc:2    | Killed Blork the orc
 18463 | Orc:2    | Killed an orc warlord
 18594 | Orc:2    | Found a roughly hewn altar of Beogh.
 18597 | Orc:2    | Found Qemiq's Jewellery Boutique.
 18619 | Orc:2    | Received a gift from Okawaru
 18667 | Orc:2    | Found Aprac's General Store.
 18675 | Orc:2    | Bought a scroll of enchant weapon for 112 gold pieces
 18954 | Orc:2    | Found a roughly hewn altar of Beogh.
 19032 | Orc:2    | Found Jycseteqem's Antique Weapon Boutique.
 19047 | Orc:2    | Found Feqeth's Antique Armour Boutique.
 19111 | Orc:1    | Reached skill level 17 in Ranged Weapons
 19116 | Orc:2    | Reached XP level 14. HP: 66/110 MP: 14/14
 19434 | Lair:2   | Acquired a megaadeledicnander transmogrifier {Rampage
                  | Acrobat rElec Slay+3}
 19471 | Shoals:1 | Entered Level 1 of the Shoals
 19520 | Shoals:1 | Noticed Donald
 19528 | Shoals:1 | Killed Donald
 19619 | Shoals:1 | Identified the serpent talisman "Seut" {rElec rC+++ Will-
                  | Dex+4}
 19619 | Shoals:1 | Noticed Aizul
 19628 | Shoals:1 | Killed Aizul
 19677 | Shoals:1 | Received a gift from Okawaru
 19690 | Shoals:1 | Reached skill level 18 in Ranged Weapons
 20112 | Shoals:2 | Mangled by a snapping turtle

Illustrated notes

Levels and vault maps discovered:
D:1:      dpeg_arrival_water_altar, layout_loops_ring,
          corexii_item_surrounded_by_moat
D:2:      layout_basic, basic_altar, serial_shops, nicolae_shop_trees,
          grunt_ministairs_15, chequers_serial_rivers_large_b, uniq_jessica,
          uniq_natasha
D:3:      layout_basic, serial_forest, infiniplex_forest_straight_2,
          infiniplex_forest_diagonal, infiniplex_forest_lined_room_2,
          infiniplex_forest_lined_2, infiniplex_forest_straight_2,
          infiniplex_forest_straight_3, infiniplex_forest_end_1,
          biasface_ghost_orc_armoury, chequers_ecumenical_altar_simple_redux,
          item_on_display_a, uniq_grinder
D:4:      layout_layer_cave, lemuel_round_altar, kennysheep_mini_moat,
          lemuel_crystal_altar, nicolae_ossuary_entry_ruins, uniq_duvessa
D:5:      layout_basic, zin_treasury, supply_closet_lemuel,
          minmay_fractal_squares_diagonal_5
D:6:      layout_rooms, minmay_temple_entry_junction, lightli_orcish_oven,
          uniq_menkaure, uniq_jeremiah, uniq_sigmund
D:7:      layout_rooms, uniq_maggie
D:8:      layout_basic, chequers_temple_overflow_statue_of_worship,
          lair_entry_dummy, serial_curves, eino_curves_01, eino_curves_01
D:9:      layout_cave_pods, overflow_temple_1_default, david_orc_2, uniq_harold
D:10:     layout_cross, nicolae_overflow_hidden_temple,
          lemuel_mausoleum_altar_yredelemnul, nicolae_eternal_life,
          uniq_josephine
Temple:   nicolae_temple_bog_church
Lair:1:   layout_cave_pods
Lair:2:   wad_woods_tower, layout_gridlike, shoals_dummy_entry, enter_volcano_1,
          infiniplex_staircase_pool
Lair:3:   layout_loops_ring, minmay_snake_entry_guardpost_large,
          lemuel_fruit_tree
Shoals:1: layout_shoals, nicolae_shoals_so_close, uniq_aizul, uniq_donald
Shoals:2: layout_shoals
Orc:1:    layout_caves, uniq_nergalle
Orc:2:    grunt_orc_cross, layout_diamond_mine, basic_altar,
          nicolae_orc_crystal_geode

Skill      XL: |  1  2  3  4  5  6  7  8  9 10 11 12 13 14 |
---------------+-------------------------------------------+-----
Ranged Weapons | 4 5 6 7 9 13 14 17 18 | 18.0
Fighting       | 7 11 | 11.1
Dodging        | 6 9 |  9.9
Evocations     | 5 |  5.0
Stealth        | |  0.7

Action                     |  1- 3 |  4- 6 |  7- 9 | 10-12 | 13-15 || total
---------------------------+-------+-------+-------+-------+-------++-------
  Melee: Sling             |       |       |    16 |       |       ||    16
   Fire: Sling             |   204 |   314 |   878 |  1452 |   396 ||  3244
         Hand cannon       |       |       |       |    48 |   396 ||   444
  Throw: Throwing net      |       |       |       |     1 |       ||     1
 Invoke: Receive Weapon    |       |       |       |     1 |       ||     1
         Receive Armour    |       |       |       |     1 |       ||     1
Ability: Invent Gizmo      |       |       |       |       |     1 ||     1
  Evoke: Wand              |       |       |       |     7 |       ||     7
    Use: Scroll            |       |     5 |     7 |    15 |     4 ||    31
         Potion            |       |       |     9 |     3 |       ||    12
 Armour: Leather armour    |    17 |    54 |   120 |       |       ||   191
         Skin              |       |       |     4 |       |       ||     4
         Acid dragon scale |       |       |       |   284 |    71 ||   355
         Troll leather arm |       |       |       |       |    77 ||    77
  Dodge: Dodged            |    29 |    38 |    78 |   217 |   193 ||   555

Table legend: (Time is in decaauts)
 A = Elapsed time spent in this place.
 B = Non-inter-level travel time spent in this place.
 C = Inter-level travel time spent in this place.
 D = Time resting spent in this place.
 E = Time spent auto-exploring this place.
 F = Levels seen in this place.
 G = Mean time per level.
                   A        B        C        D        E       F      G
               +--------+--------+--------+--------+--------+-----+--------+
         Total |  20162 |  18841 |   1321 |   3902 |  11456 |  19 | 1061.2 |
       Dungeon |  10394 |   9513 |    881 |   1240 |   6637 |  10 | 1039.4 |
        Temple |     10 |      2 |      8 |      0 |      0 |   1 |   10.0 |
          Lair |   6753 |   6426 |    327 |   2340 |   2933 |   3 | 2251.0 |
        Shoals |    671 |    640 |     31 |      0 |    531 |   2 |  335.5 |
  Orcish Mines |   1750 |   1677 |     73 |    156 |   1140 |   2 |  875.0 |
       Ossuary |    581 |    581 |      0 |    166 |    215 |   1 |  581.0 |
               +--------+--------+--------+--------+--------+-----+--------+

Top non-repeatable levels by time:
  Lair:1: 3543 daAuts
  Lair:2: 1952 daAuts
     D:5: 1649 daAuts
     D:8: 1588 daAuts
     D:4: 1390 daAuts
   Orc:2: 1342 daAuts
  Lair:3: 1257 daAuts
     D:2: 957 daAuts
     D:6: 885 daAuts
     D:3: 881 daAuts
    D:10: 826 daAuts
     D:1: 815 daAuts
     D:9: 781 daAuts
Shoals:1: 662 daAuts
     D:7: 618 daAuts
